Canadiens vs Jets
(R1)
Created - April 11, 2024 at 22:37
Goals
|
| Canadiens |
1 |
1 |
0 |
2 |
| Jets |
2 |
3 |
1 |
6 |
|
Shots
|
| Canadiens |
6 |
15 |
3 |
24 |
| Jets |
9 |
10 |
9 |
28 |
|
1st period
1. Canadiens , Chris Kreider 36 (Rasmus Ristolainen 54, David Pastrnak 48) at 0:12
2. Jets , Anthony Mantha 19 (Henrik Zetterberg 4, Tyler Toffoli 15) at 6:15
3. Jets , Alex Galchenyuk 45 (Max Domi 35, Adam Larsson 26) at 13:15
Penalties :
Henrik Zetterberg (Win) for Charging (Minor) at 3:38, Chris Kreider (Mon) for Holding (Minor) at 13:20, Justin Schultz (Mon) for Holding (Minor) at 16:49
2nd period
4. Jets , Sam Reinhart 4 (Troy Stetcher 11, Noel Acciari 6) at 3:04
5. Jets , Nino Niederreiter 26 (Tyler Seguin 40, Dylan Strome 4) at 4:29
6. Jets , Dylan Strome 1 (Tyler Seguin 41, Alex Galchenyuk 42) at 6:56 (PP)
7. Canadiens , Brent Burns 4 (Jordan Szwarz 18, Brian Dumoulin 21) at 13:38
Penalties :
Justin Schultz (Mon) for Interference (Minor) at 6:23, Sean Zimmerman (Mon) for Hooking (Minor) at 10:37, Jiri Sekac (Mon) for Slashing (Minor) at 15:43, Anthony Mantha (Win) for Hooking (Minor) at 19:40
3rd period
8. Jets , Sam Reinhart 5 (Tyler Seguin 42, Alex Galchenyuk 43) at 13:02 (PP)
Penalties :
Henrik Zetterberg (Win) for Roughing (Minor) at 4:49, Troy Stetcher (Win) for Hooking (Minor) at 7:21, Cam Fowler (Mon) for Slashing (Minor) at 12:56, Justin Schultz (Mon) for Cross-checking (Minor) at 14:34
Goalie Stats
Andrei Vasilevskiy (Mon), 15 saves from 18 shots - (0.833), 36:56 minutes
Robin Lehner (Mon), 7 saves from 10 shots - (0.700), L, 28-20-5, 23:04 minutes
Jacob Markstrom (Win), 22 saves from 24 shots - (0.917), W, 28-27-7, 60:00 minutes
Players Stats for Canadiens
Player Name G A P +/- PIM S H SB GA TA FO MP PP MP PK MP
------------------------------------------------------------------------------------
Alexandre Grenier 0 0 0 -1 0 0 1 0 0 0 0/1 8:00 0:04 0:07
Artemi Panarin 0 0 0 -1 0 1 2 1 0 1 1/2 20:53 3:28 5:49
Brandon Bollig 0 0 0 0 0 0 2 0 0 0 0/0 11:18 0:04 2:25
Brent Burns 1 0 1 0 0 1 0 0 0 0 0/0 20:40 3:01 4:22
Brian Dumoulin 0 1 1 1 0 1 1 0 0 0 0/0 18:54 3:01 4:22
Cam Fowler 0 0 0 -1 2 2 0 1 1 0 0/0 27:57 4:55 6:06
Chris Kreider 1 0 1 0 2 6 1 2 0 0 5/12 22:07 4:24 4:23
Cody Eakin 0 0 0 0 0 1 0 1 0 0 1/3 9:32 0:04 0:54
Corban Knight 0 0 0 -1 0 1 1 0 0 0 1/2 8:12 0:00 0:36
David Pastrnak 0 1 1 0 0 4 2 0 0 0 0/1 20:54 4:24 2:59
Jiri Sekac 0 0 0 -1 2 0 3 0 0 0 0/1 8:42 0:00 0:56
Jordan Szwarz 0 1 1 -1 0 2 0 0 1 2 0/0 15:04 3:28 0:00
Justin Schultz 0 0 0 -2 6 1 2 1 1 0 0/0 13:11 0:00 0:06
Marcus Kruger 0 0 0 0 0 0 1 1 0 0 1/1 8:19 0:00 0:00
Mika Zibanejad 0 0 0 0 0 0 2 0 1 0 12/31 20:54 4:24 2:59
Rasmus Ristolainen 0 1 1 -1 0 1 1 2 1 0 0/0 28:04 4:55 6:12
Sean Zimmerman 0 0 0 -1 2 2 0 0 0 1 0/0 11:34 0:00 0:00
Vincent Trocheck 0 0 0 -1 0 1 0 0 0 0 9/15 15:04 3:28 0:00
Players Stats for Jets
Player Name G A P +/- PIM S H SB GA TA FO MP PP MP PK MP
------------------------------------------------------------------------------------
Adam Larsson 0 1 1 1 0 0 0 3 0 1 0/0 23:17 0:00 5:13
Alex Galchenyuk 1 2 3 -1 0 4 2 0 1 1 4/5 22:43 6:04 2:24
Anthony Mantha 1 0 1 1 2 4 1 0 0 0 0/1 14:06 4:15 0:47
Dougie Hamilton 0 0 0 1 0 3 3 2 0 0 0/0 27:35 6:19 4:54
Dylan Strome 1 1 2 1 0 1 2 0 0 0 9/18 19:09 5:57 1:40
Erik Cernak 0 0 0 -1 0 2 1 0 0 0 0/0 16:28 0:00 0:47
Frank Vatrano 0 0 0 1 0 0 4 1 0 0 0/0 10:39 0:07 1:24
Henrik Zetterberg 0 1 1 1 4 0 0 0 0 0 3/4 11:42 0:07 2:19
Kyle Connor 0 0 0 1 0 0 0 0 0 0 0/0 8:10 0:00 0:00
Max Domi 0 1 1 -1 0 4 2 0 1 0 15/27 18:18 4:30 0:00
Mirco Mueller 0 0 0 2 0 0 1 0 0 1 0/0 8:46 0:00 0:00
Nino Niederreiter 1 0 1 1 0 3 2 0 2 0 0/1 18:26 4:30 3:02
Noel Acciari 0 1 1 1 0 1 1 0 0 1 6/10 11:47 0:00 4:16
Ryan Murray 0 0 0 -1 0 0 1 3 0 1 0/0 16:16 0:00 3:02
Sam Reinhart 2 0 2 1 0 5 0 0 0 0 0/0 11:48 4:15 0:00
Troy Stetcher 0 1 1 2 2 0 0 0 0 0 0/0 17:51 6:19 1:56
Tyler Seguin 0 3 3 1 0 1 0 0 0 0 1/1 16:41 5:57 0:00
Tyler Toffoli 0 1 1 -1 0 0 0 2 0 0 1/2 18:18 4:30 0:00
3 Stars
1 - Sam Reinhart (Win)
2 - Alex Galchenyuk (Win)
3 - Dylan Strome (Win)
Power Play
Canadiens - 0 on 4 Attempt(s) - 0.00%
Jets - 2 on 7 Attempt(s) - 28.57%
Penalty Kill
Canadiens - 5 on 7 Attempt(s) - 71.43%
- Score 0 goal in Penalty Kill
Jets - 4 on 4 Attempt(s) - 100.00%
- Score 0 goal in Penalty Kill
Team Stat
Canadiens - Hits : 19 - Faceoff Wins : 30 - Blocked Shots : 9 - Penalty Minutes : 14
Jets - Hits : 20 - Faceoff Wins : 39 - Blocked Shots : 11 - Penalty Minutes : 8
Official
Referees : Michael Markovic and Dan Kelly
Linesman : Vaughan Rody and Trent Knorr
Game Notes
Andrei Vasilevskiy enters game at 3:04 of 2nd period
Finance
Level 1 -- Attendance: 6000 (100.00%) -- Ticket Income $600,000
Level 2 -- Attendance: 4522 (90.44%) -- Ticket Income $271,320
Level 3 -- Attendance: 1801 (90.05%) -- Ticket Income $63,035
Level 4 -- Attendance: 3957 (98.93%) -- Ticket Income $98,925
Luxury Box -- Attendance: 1000 (100.00%) -- Ticket Income $200,000
Game was played at the Bell MTS Place.
Total Attendance: 17280 (96.00%)
Total Ticket Income: $1,233,280
Other Income: $184,992
Total Income: $1,418,272
Canadiens
5 vs 5 Forward
Center Left Wing Right Wing Time % Phy DF OF
1 Mika Zibanejad Chris Kreider David Pastrnak 40 0 2 3
2 Vincent Trocheck Artemi Panarin Jordan Szwarz 30 0 2 3
3 Cody Eakin Brandon Bollig Marcus Kruger 20 0 2 3
4 Corban Knight Jiri Sekac Alexandre Grenier 10 0 2 3
5 vs 5 Defense
Defense Defense Time % Phy DF OF
1 Rasmus Ristolainen Cam Fowler 40 0 2 3
2 Brent Burns Justin Schultz 30 0 2 3
3 Sean Zimmerman Brian Dumoulin 20 0 2 3
4 Rasmus Ristolainen Cam Fowler 10 0 2 3
PowerPlay Forward
Center Left Wing Right Wing Time % Phy DF OF
1 Mika Zibanejad Chris Kreider David Pastrnak 60 0 1 4
2 Vincent Trocheck Artemi Panarin Jordan Szwarz 40 0 1 4
PowerPlay Defense
Defense Defense Time % Phy DF OF
1 Rasmus Ristolainen Cam Fowler 60 0 1 4
2 Brian Dumoulin Brent Burns 40 0 1 4
Penalty Kill 4 Players Forward
Center Wing Time % Phy DF OF
1 Chris Kreider Artemi Panarin 60 1 2 2
2 Mika Zibanejad David Pastrnak 40 1 2 2
Penalty Kill 4 Players Defense
Defense Defense Time % Phy DF OF
1 Rasmus Ristolainen Cam Fowler 60 1 2 2
2 Brian Dumoulin Brent Burns 40 1 2 2
Penalty Kill - 3 Players Forward
Forward Time % Phy DF OF
1 Chris Kreider 60 0 3 2
2 Artemi Panarin 40 0 3 2
Penalty Kill - 3 Players Defense
Defense Defense Time % Phy DF OF
1 Rasmus Ristolainen Cam Fowler 60 0 3 2
2 Brian Dumoulin Brent Burns 40 0 3 2
4 vs 4 Forward
Center Wing Time % Phy DF OF
1 Chris Kreider Artemi Panarin 60 0 2 3
2 Mika Zibanejad David Pastrnak 40 0 2 3
4 vs 4 Defense
Defense Defense Time % Phy DF OF
1 Rasmus Ristolainen Cam Fowler 60 0 2 3
2 Brian Dumoulin Brent Burns 40 0 2 3
Last Minutes Offensive
Center Left Wing Right Wing Defense Defense
Mika Zibanejad Chris Kreider David Pastrnak Rasmus Ristolainen Cam Fowler
Last Minutes Defensive
Center Left Wing Right Wing Defense Defense
Mika Zibanejad Chris Kreider David Pastrnak Rasmus Ristolainen Cam Fowler
Goaltenders
Starting : Robin Lehner
Backup : Andrei Vasilevskiy
Extra Forwards
Normal : Jordan Szwarz, Cody Eakin, Brandon Bollig - PP : Jordan Szwarz, Cody Eakin - PK : Brandon Bollig
Extra Defensemen
Normal : Sean Zimmerman, Justin Schultz, Brian Dumoulin - PP : Sean Zimmerman - PK : Justin Schultz, Brian Dumoulin
Penalty Shots
Chris Kreider, Artemi Panarin, Mika Zibanejad, David Pastrnak, Marcus Kruger
Custom OT Lines Forwards
Chris Kreider, Artemi Panarin, Mika Zibanejad, David Pastrnak, Marcus Kruger, Jordan Szwarz, Vincent Trocheck, Cody Eakin, Brandon Bollig, Corban Knight
Custom OT Lines Defensemen
Rasmus Ristolainen, Cam Fowler, Brian Dumoulin, Brent Burns, Sean Zimmerman
Scratches
None
Jets
5 vs 5 Forward
Center Left Wing Right Wing Time % Phy DF OF
1 Max Domi Alex Galchenyuk Tyler Toffoli 40 1 2 2
2 Dylan Strome Nino Niederreiter Tyler Seguin 30 1 2 2
3 Henrik Zetterberg Anthony Mantha Frank Vatrano 20 1 2 2
4 Noel Acciari Kyle Connor Sam Reinhart 10 1 2 2
5 vs 5 Defense
Defense Defense Time % Phy DF OF
1 Adam Larsson Dougie Hamilton 40 1 2 2
2 Ryan Murray Erik Cernak 30 1 2 2
3 Mirco Mueller Troy Stetcher 20 1 2 2
4 Erik Cernak Adam Larsson 10 1 2 2
PowerPlay Forward
Center Left Wing Right Wing Time % Phy DF OF
1 Dylan Strome Alex Galchenyuk Tyler Seguin 60 1 2 2
2 Max Domi Nino Niederreiter Tyler Toffoli 40 1 2 2
PowerPlay Defense
Defense Defense Time % Phy DF OF
1 Troy Stetcher Dougie Hamilton 60 1 2 2
2 Sam Reinhart Anthony Mantha 40 1 2 2
Penalty Kill 4 Players Forward
Center Wing Time % Phy DF OF
1 Noel Acciari Henrik Zetterberg 60 1 2 2
2 Nino Niederreiter Frank Vatrano 40 1 2 2
Penalty Kill 4 Players Defense
Defense Defense Time % Phy DF OF
1 Adam Larsson Dougie Hamilton 60 1 2 2
2 Ryan Murray Troy Stetcher 40 1 2 2
Penalty Kill - 3 Players Forward
Forward Time % Phy DF OF
1 Noel Acciari 60 1 2 2
2 Anthony Mantha 40 1 2 2
Penalty Kill - 3 Players Defense
Defense Defense Time % Phy DF OF
1 Adam Larsson Dougie Hamilton 60 1 2 2
2 Ryan Murray Troy Stetcher 40 1 2 2
4 vs 4 Forward
Center Wing Time % Phy DF OF
1 Henrik Zetterberg Alex Galchenyuk 60 1 2 2
2 Max Domi Tyler Seguin 40 1 2 2
4 vs 4 Defense
Defense Defense Time % Phy DF OF
1 Adam Larsson Dougie Hamilton 60 1 2 2
2 Ryan Murray Troy Stetcher 40 1 2 2
Last Minutes Offensive
Center Left Wing Right Wing Defense Defense
Max Domi Alex Galchenyuk Tyler Seguin Adam Larsson Dougie Hamilton
Last Minutes Defensive
Center Left Wing Right Wing Defense Defense
Henrik Zetterberg Alex Galchenyuk Tyler Seguin Adam Larsson Dougie Hamilton
Goaltenders
Starting : Jacob Markstrom
Backup : Elvis Merzlikins
Extra Forwards
Normal : Tyler Toffoli, Anthony Mantha, Nino Niederreiter - PP : Tyler Toffoli, Anthony Mantha - PK : Nino Niederreiter
Extra Defensemen
Normal : Mirco Mueller, Ryan Murray, Erik Cernak - PP : Mirco Mueller - PK : Ryan Murray, Erik Cernak
Penalty Shots
Alex Galchenyuk, Tyler Seguin, Nino Niederreiter, Tyler Toffoli, Anthony Mantha
Custom OT Lines Forwards
Alex Galchenyuk, Tyler Seguin, Dylan Strome, Nino Niederreiter, Tyler Toffoli, Anthony Mantha, Max Domi, Sam Reinhart, Noel Acciari, Frank Vatrano
Custom OT Lines Defensemen
Adam Larsson, Dougie Hamilton, Ryan Murray, Troy Stetcher, Mirco Mueller
Scratches
Ryan Johansen (Chest/Ribs Injury)
% Time on Ice - Canadiens
Lines # - Real PCT - Wanted PCT - Time Play
Normal Forward
1 - 33% - 40% - 13:39
2 - 29% - 30% - 11:58
3 - 20% - 20% - 8:19
4 - 18% - 10% - 7:34
Normal Defense
1 - 39% - 40% - 16:15
2 - 37% - 30% - 15:27
3 - 22% - 20% - 9:06
4 - 2% - 10% - 0:42
PP Forward
1 - 56% - 60% - 4:28
2 - 44% - 40% - 3:28
PP Defense
1 - 62% - 60% - 4:55
2 - 38% - 40% - 3:01
PK Forward
1 - 72% - 60% - 7:35
2 - 28% - 40% - 2:59
PK Defense
1 - 59% - 60% - 6:12
2 - 41% - 40% - 4:22
PK3 Forward
1 - 0% - 60%
2 - 0% - 40%
PK3 Defense
1 - 0% - 60%
2 - 0% - 40%
44 Forward
1 - 0% - 60%
2 - 0% - 40%
44 Defense
1 - 0% - 60%
2 - 0% - 40%
Last Minute Offensive - 0:00
Last Minute Defensive - 0:00
Total
Forward - 60:00
Defense - 60:00
|
% Time on Ice - Jets
Lines # - Real PCT - Wanted PCT - Time Play
Normal Forward
1 - 36% - 40% - 15:01
2 - 26% - 30% - 10:54
3 - 20% - 20% - 8:27
4 - 17% - 10% - 7:08
Normal Defense
1 - 39% - 40% - 16:14
2 - 34% - 30% - 14:08
3 - 19% - 20% - 8:04
4 - 7% - 10% - 3:04
PP Forward
1 - 57% - 60% - 6:04
2 - 43% - 40% - 4:30
PP Defense
1 - 60% - 60% - 6:19
2 - 40% - 40% - 4:15
PK Forward
1 - 82% - 60% - 6:32
2 - 18% - 40% - 1:24
PK Defense
1 - 62% - 60% - 4:54
2 - 38% - 40% - 3:02
PK3 Forward
1 - 0% - 60%
2 - 0% - 40%
PK3 Defense
1 - 0% - 60%
2 - 0% - 40%
44 Forward
1 - 0% - 60%
2 - 0% - 40%
44 Defense
1 - 0% - 60%
2 - 0% - 40%
Last Minute Offensive - 0:00
Last Minute Defensive - 0:00
Total
Forward - 60:00
Defense - 60:00
|
Play-by-Play
1st period
0:01 of 1st period - Alex Galchenyuk wins face-off versus Mika Zibanejad in neutral zone.
0:06 of 1st period - David Pastrnak is hit by Dougie Hamilton.
0:12 of 1st period - Slapshot by Chris Kreider.
0:12 of 1st period - Goal by Chris Kreider - Canadiens : 1 - Jets : 0.
0:13 of 1st period - Vincent Trocheck wins face-off versus Dylan Strome in neutral zone.
0:40 of 1st period - Henrik Zetterberg is hit by Justin Schultz.
0:50 of 1st period - Slapshot by Anthony Mantha.
0:50 of 1st period - Stopped by Robin Lehner without a rebound.
0:51 of 1st period - Max Domi wins face-off versus David Pastrnak in Canadiens zone.
0:56 of 1st period - Snap shot by Alex Galchenyuk.
0:56 of 1st period - Stopped by Robin Lehner with a rebound.
1:26 of 1st period - Mirco Mueller is hit by Jiri Sekac and loses puck.
1:43 of 1st period - Artemi Panarin is hit by Frank Vatrano.
1:44 of 1st period - Icing by Artemi Panarin.
1:45 of 1st period - Vincent Trocheck wins face-off versus Henrik Zetterberg in Canadiens zone.
2:10 of 1st period - Snap shot by Anthony Mantha.
2:10 of 1st period - Shot Misses the Net.
2:14 of 1st period - Slapshot by Anthony Mantha.
2:14 of 1st period - Stopped by Robin Lehner without a rebound.
2:15 of 1st period - Max Domi wins face-off versus Chris Kreider in Canadiens zone.
2:16 of 1st period - Snap shot by Alex Galchenyuk.
2:16 of 1st period - Shot Misses the Net.
2:26 of 1st period - Snap shot by David Pastrnak.
2:26 of 1st period - Stopped by Jacob Markstrom without a rebound.
2:27 of 1st period - Cody Eakin wins face-off versus Dylan Strome in Jets zone.
2:52 of 1st period - Cam Fowler is hit by Alex Galchenyuk and loses puck.
2:57 of 1st period - Snap shot by Max Domi.
2:57 of 1st period - Stopped by Robin Lehner with a rebound.
2:59 of 1st period - Slapshot by Alex Galchenyuk.
2:59 of 1st period - Stopped by Robin Lehner with a rebound.
3:38 of 1st period - Minor Penalty to Henrik Zetterberg for Charging.
3:39 of 1st period - Mika Zibanejad wins face-off versus Noel Acciari in Jets zone.
3:54 of 1st period - Adam Larsson is hit by Chris Kreider and loses puck.
4:16 of 1st period - Wrist shot by Vincent Trocheck.
4:16 of 1st period - Shot Blocked by Ryan Murray.
4:38 of 1st period - Brian Dumoulin is hit by Alex Galchenyuk and loses puck.
5:38 of 1st period - Penalty to Henrik Zetterberg is over, Henrik Zetterberg is back on ice.
5:54 of 1st period - Alex Galchenyuk is hit by Marcus Kruger and loses puck.
6:15 of 1st period - Snap shot by Anthony Mantha.
6:15 of 1st period - Goal by Anthony Mantha - Canadiens : 1 - Jets : 1.
6:16 of 1st period - Dylan Strome wins face-off versus Mika Zibanejad in neutral zone.
6:19 of 1st period - Chris Kreider is hit by Nino Niederreiter.
6:51 of 1st period - Snap shot by Marcus Kruger.
6:51 of 1st period - Shot Misses the Net.
8:11 of 1st period - Snap shot by Anthony Mantha.
8:11 of 1st period - Stopped by Robin Lehner without a rebound.
8:12 of 1st period - Henrik Zetterberg wins face-off versus Mika Zibanejad in Canadiens zone.
8:39 of 1st period - Artemi Panarin is hit by Mirco Mueller and loses puck.
9:04 of 1st period - Rasmus Ristolainen is hit by Noel Acciari and loses puck.
9:33 of 1st period - Off-side.
9:34 of 1st period - Chris Kreider wins face-off versus Max Domi in neutral zone.
9:45 of 1st period - Snap shot by Chris Kreider.
9:45 of 1st period - Stopped by Jacob Markstrom without a rebound.
9:46 of 1st period - Mika Zibanejad wins face-off versus Max Domi in Jets zone.
10:26 of 1st period - Wrist shot by Vincent Trocheck.
10:26 of 1st period - Shot Blocked by Adam Larsson.
10:59 of 1st period - Icing by Justin Schultz.
11:00 of 1st period - Max Domi wins face-off versus Cody Eakin in Canadiens zone.
12:43 of 1st period - Slapshot by Dougie Hamilton.
12:43 of 1st period - Stopped by Robin Lehner without a rebound.
12:44 of 1st period - Max Domi wins face-off versus Vincent Trocheck in Canadiens zone.
12:53 of 1st period - Snap shot by Artemi Panarin.
12:53 of 1st period - Stopped by Jacob Markstrom without a rebound.
12:54 of 1st period - Vincent Trocheck wins face-off versus Max Domi in Jets zone.
12:59 of 1st period - Wrist shot by Jordan Szwarz.
12:59 of 1st period - Stopped by Jacob Markstrom with a rebound.
13:01 of 1st period - Snap shot by Vincent Trocheck.
13:01 of 1st period - Shot Blocked by Ryan Murray.
13:03 of 1st period - Wrist shot by Jordan Szwarz.
13:03 of 1st period - Shot Misses the Net.
13:05 of 1st period - Slapshot by Sean Zimmerman.
13:05 of 1st period - Stopped by Jacob Markstrom without a rebound.
13:06 of 1st period - Max Domi wins face-off versus Mika Zibanejad in Jets zone.
13:15 of 1st period - Wrist shot by Alex Galchenyuk.
13:15 of 1st period - Goal by Alex Galchenyuk - Canadiens : 1 - Jets : 2.
13:16 of 1st period - Mika Zibanejad wins face-off versus Max Domi in neutral zone.
13:20 of 1st period - Minor Penalty to Chris Kreider for Holding.
13:21 of 1st period - Dylan Strome wins face-off versus Artemi Panarin in Canadiens zone.
13:47 of 1st period - Tyler Toffoli is hit by Artemi Panarin and loses puck.
15:20 of 1st period - Penalty to Chris Kreider is over, Chris Kreider is back on ice.
15:53 of 1st period - Ryan Murray is hit by Artemi Panarin and loses puck.
16:22 of 1st period - Icing by Sean Zimmerman.
16:23 of 1st period - Corban Knight wins face-off versus Tyler Toffoli in Canadiens zone.
16:38 of 1st period - Snap shot by Max Domi.
16:38 of 1st period - Shot Misses the Net.
16:45 of 1st period - Icing by Sean Zimmerman.
16:46 of 1st period - Dylan Strome wins face-off versus Mika Zibanejad in Canadiens zone.
16:47 of 1st period - Wrist shot by Nino Niederreiter.
16:47 of 1st period - Shot Misses the Net.
16:49 of 1st period - Minor Penalty to Justin Schultz for Holding.
16:50 of 1st period - Chris Kreider wins face-off versus Dylan Strome in Canadiens zone.
17:17 of 1st period - Mika Zibanejad is hit by Dougie Hamilton and loses puck.
17:30 of 1st period - Snap shot by Nino Niederreiter.
17:30 of 1st period - Shot Misses the Net.
18:47 of 1st period - Nino Niederreiter is hit by Rasmus Ristolainen.
18:49 of 1st period - Penalty to Justin Schultz is over, Justin Schultz is back on ice.
19:03 of 1st period - Frank Vatrano is hit by Brian Dumoulin and loses puck.
19:40 of 1st period - Alexandre Grenier is hit by Nino Niederreiter and loses puck.
Goals for this period are 1 for Canadiens vs 2 for Jets.
Shots for this period are 6 for Canadiens vs 9 for Jets.
2nd period
0:01 of 2nd period - Max Domi wins face-off versus Mika Zibanejad in neutral zone.
0:26 of 2nd period - Snap shot by Jordan Szwarz.
0:26 of 2nd period - Deflect By Artemi Panarin.
0:26 of 2nd period - Shot Blocked by Adam Larsson.
0:26 of 2nd period - Puck is out of play.
0:27 of 2nd period - Dylan Strome wins face-off versus Vincent Trocheck in Jets zone.
0:27 of 2nd period - Dylan Strome is hit by Justin Schultz.
1:20 of 2nd period - Slapshot by Justin Schultz.
1:20 of 2nd period - Stopped by Jacob Markstrom without a rebound.
1:21 of 2nd period - Mika Zibanejad wins face-off versus Max Domi in Jets zone.
1:53 of 2nd period - Slapshot by Sean Zimmerman.
1:53 of 2nd period - Deflect By Vincent Trocheck.
1:53 of 2nd period - Shot Misses the Net.
1:53 of 2nd period - Puck is out of play.
1:54 of 2nd period - Vincent Trocheck wins face-off versus Noel Acciari in Jets zone.
1:57 of 2nd period - Snap shot by Jordan Szwarz.
1:57 of 2nd period - Shot Misses the Net.
1:59 of 2nd period - Slapshot by Sean Zimmerman.
1:59 of 2nd period - Stopped by Jacob Markstrom without a rebound.
2:00 of 2nd period - Noel Acciari wins face-off versus Vincent Trocheck in Jets zone.
2:34 of 2nd period - Wrist shot by Vincent Trocheck.
2:34 of 2nd period - Shot Misses the Net.
3:04 of 2nd period - Slapshot by Sam Reinhart.
3:04 of 2nd period - Goal by Sam Reinhart - Canadiens : 1 - Jets : 3.
3:04 of 2nd period - Andrei Vasilevskiy enters game.
3:05 of 2nd period - Mika Zibanejad wins face-off versus Max Domi in neutral zone.
3:22 of 2nd period - Wrist shot by Chris Kreider.
3:22 of 2nd period - Stopped by Jacob Markstrom without a rebound.
3:23 of 2nd period - Marcus Kruger wins face-off versus Dylan Strome in Jets zone.
3:34 of 2nd period - Wrist shot by Marcus Kruger.
3:34 of 2nd period - Shot Blocked by Adam Larsson.
3:36 of 2nd period - Wrist shot by Cody Eakin.
3:36 of 2nd period - Stopped by Jacob Markstrom with a rebound.
3:38 of 2nd period - Wrist shot by Cody Eakin.
3:38 of 2nd period - Shot Misses the Net.
3:50 of 2nd period - Icing by Max Domi.
3:51 of 2nd period - Max Domi wins face-off versus Mika Zibanejad in Jets zone.
4:01 of 2nd period - Slapshot by Ryan Murray.
4:01 of 2nd period - Shot Misses the Net.
4:03 of 2nd period - Wrist shot by Max Domi.
4:03 of 2nd period - Stopped by Andrei Vasilevskiy without a rebound.
4:04 of 2nd period - Max Domi wins face-off versus Mika Zibanejad in Canadiens zone.
4:17 of 2nd period - Wrist shot by Alex Galchenyuk.
4:17 of 2nd period - Shot Misses the Net.
4:19 of 2nd period - Wrist shot by Tyler Toffoli.
4:19 of 2nd period - Shot Blocked by Cam Fowler.
4:21 of 2nd period - Wrist shot by Max Domi.
4:21 of 2nd period - Stopped by Andrei Vasilevskiy without a rebound.
4:22 of 2nd period - Dylan Strome wins face-off versus Vincent Trocheck in Canadiens zone.
4:29 of 2nd period - Snap shot by Nino Niederreiter.
4:29 of 2nd period - Deflect By Jordan Szwarz.
4:29 of 2nd period - Goal by Nino Niederreiter - Canadiens : 1 - Jets : 4.
4:30 of 2nd period - Max Domi wins face-off versus Mika Zibanejad in neutral zone.
4:36 of 2nd period - Off-side.
4:37 of 2nd period - Max Domi wins face-off versus Mika Zibanejad in neutral zone.
4:56 of 2nd period - Wrist shot by David Pastrnak.
4:56 of 2nd period - Stopped by Jacob Markstrom without a rebound.
4:57 of 2nd period - Vincent Trocheck wins face-off versus Dylan Strome in Jets zone.
5:35 of 2nd period - Snap shot by Chris Kreider.
5:35 of 2nd period - Stopped by Jacob Markstrom with a rebound.
6:17 of 2nd period - Slapshot by Dougie Hamilton.
6:17 of 2nd period - Shot Misses the Net.
6:23 of 2nd period - Minor Penalty to Justin Schultz for Interference.
6:24 of 2nd period - Tyler Seguin wins face-off versus Chris Kreider in Canadiens zone.
6:27 of 2nd period - Snap shot by Tyler Seguin.
6:27 of 2nd period - Stopped by Andrei Vasilevskiy without a rebound.
6:28 of 2nd period - Alex Galchenyuk wins face-off versus Chris Kreider in Canadiens zone.
6:54 of 2nd period - Wrist shot by Tyler Seguin.
6:54 of 2nd period - Shot Misses the Net.
6:56 of 2nd period - Wrist shot by Dylan Strome.
6:56 of 2nd period - Goal by Dylan Strome - Canadiens : 1 - Jets : 5.
6:57 of 2nd period - Max Domi wins face-off versus Mika Zibanejad in neutral zone.
6:59 of 2nd period - Off-side.
7:00 of 2nd period - Tyler Toffoli wins face-off versus Mika Zibanejad in neutral zone.
7:13 of 2nd period - Snap shot by Alex Galchenyuk.
7:13 of 2nd period - Shot Blocked by Chris Kreider.
7:31 of 2nd period - Wrist shot by Jordan Szwarz.
7:31 of 2nd period - Deflect By Vincent Trocheck.
7:31 of 2nd period - Stopped by Jacob Markstrom without a rebound.
7:32 of 2nd period - Dylan Strome wins face-off versus Vincent Trocheck in Jets zone.
7:59 of 2nd period - Snap shot by Artemi Panarin.
7:59 of 2nd period - Shot Blocked by Ryan Murray.
8:01 of 2nd period - Snap shot by Cam Fowler.
8:01 of 2nd period - Stopped by Jacob Markstrom without a rebound.
8:02 of 2nd period - Mika Zibanejad wins face-off versus Max Domi in Jets zone.
8:03 of 2nd period - Snap shot by Rasmus Ristolainen.
8:03 of 2nd period - Stopped by Jacob Markstrom with a rebound.
8:05 of 2nd period - Wrist shot by Chris Kreider.
8:05 of 2nd period - Stopped by Jacob Markstrom without a rebound.
8:06 of 2nd period - Mika Zibanejad wins face-off versus Max Domi in Jets zone.
8:07 of 2nd period - Slapshot by David Pastrnak.
8:07 of 2nd period - Shot Misses the Net.
8:09 of 2nd period - Snap shot by Mika Zibanejad.
8:09 of 2nd period - Shot Misses the Net.
8:19 of 2nd period - Snap shot by Mika Zibanejad.
8:19 of 2nd period - Shot Blocked by Dougie Hamilton.
8:36 of 2nd period - Icing by Nino Niederreiter.
8:37 of 2nd period - Artemi Panarin wins face-off versus Dylan Strome in Jets zone.
8:40 of 2nd period - Wrist shot by Jordan Szwarz.
8:40 of 2nd period - Stopped by Jacob Markstrom with a rebound.
8:46 of 2nd period - Jordan Szwarz is hit by Dylan Strome and loses puck.
8:57 of 2nd period - Snap shot by Nino Niederreiter.
8:57 of 2nd period - Shot Misses the Net.
9:09 of 2nd period - Snap shot by Nino Niederreiter.
9:09 of 2nd period - Stopped by Andrei Vasilevskiy without a rebound.
9:10 of 2nd period - Mika Zibanejad wins face-off versus Max Domi in Canadiens zone.
9:45 of 2nd period - Snap shot by Rasmus Ristolainen.
9:45 of 2nd period - Shot Misses the Net.
9:47 of 2nd period - Slapshot by Cam Fowler.
9:47 of 2nd period - Stopped by Jacob Markstrom with a rebound.
9:49 of 2nd period - Backhand shot by Cam Fowler.
9:49 of 2nd period - Shot Blocked by Frank Vatrano.
10:28 of 2nd period - Icing by Noel Acciari.
10:29 of 2nd period - Noel Acciari wins face-off versus Mika Zibanejad in Jets zone.
10:37 of 2nd period - Minor Penalty to Sean Zimmerman for Hooking.
10:38 of 2nd period - Dylan Strome wins face-off versus Chris Kreider in Canadiens zone.
10:38 of 2nd period - Wrist shot by Alex Galchenyuk.
10:38 of 2nd period - Shot Blocked by Chris Kreider.
10:40 of 2nd period - Wrist shot by Dylan Strome.
10:40 of 2nd period - Shot Misses the Net.
10:42 of 2nd period - Wrist shot by Alex Galchenyuk.
10:42 of 2nd period - Shot Blocked by Artemi Panarin.
10:44 of 2nd period - Backhand shot by Dougie Hamilton.
10:44 of 2nd period - Stopped by Andrei Vasilevskiy with a rebound.
12:37 of 2nd period - Penalty to Sean Zimmerman is over, Sean Zimmerman is back on ice.
13:03 of 2nd period - Wrist shot by Sam Reinhart.
13:03 of 2nd period - Shot Misses the Net.
13:05 of 2nd period - Slapshot by Erik Cernak.
13:05 of 2nd period - Shot Blocked by Cody Eakin.
13:38 of 2nd period - Slapshot by Brent Burns.
13:38 of 2nd period - Goal by Brent Burns - Canadiens : 2 - Jets : 5.
13:39 of 2nd period - Mika Zibanejad wins face-off versus Max Domi in neutral zone.
13:42 of 2nd period - Alex Galchenyuk is hit by David Pastrnak and loses puck.
14:51 of 2nd period - Slapshot by Brian Dumoulin.
14:51 of 2nd period - Deflect By Alexandre Grenier.
14:51 of 2nd period - Shot Hit the Post.
14:51 of 2nd period - Puck is out of play.
14:52 of 2nd period - Noel Acciari wins face-off versus Corban Knight in Jets zone.
14:52 of 2nd period - Noel Acciari is hit by Jiri Sekac.
15:04 of 2nd period - Snap shot by Sam Reinhart.
15:04 of 2nd period - Stopped by Andrei Vasilevskiy with a rebound.
15:26 of 2nd period - Wrist shot by Sam Reinhart.
15:26 of 2nd period - Stopped by Andrei Vasilevskiy with a rebound.
15:28 of 2nd period - Wrist shot by Noel Acciari.
15:28 of 2nd period - Shot Hit the Post.
15:30 of 2nd period - Slapshot by Mirco Mueller.
15:30 of 2nd period - Shot Blocked by Rasmus Ristolainen.
15:32 of 2nd period - Snap shot by Ryan Murray.
15:32 of 2nd period - Shot Misses the Net.
15:43 of 2nd period - Minor Penalty to Jiri Sekac for Slashing.
15:44 of 2nd period - Dylan Strome wins face-off versus Chris Kreider in Canadiens zone.
16:22 of 2nd period - Cam Fowler is hit by Max Domi and loses puck.
17:43 of 2nd period - Penalty to Jiri Sekac is over, Jiri Sekac is back on ice.
18:00 of 2nd period - Snap shot by Jiri Sekac.
18:00 of 2nd period - Deflect By Corban Knight.
18:00 of 2nd period - Shot Misses the Net.
18:00 of 2nd period - Puck is out of play.
18:01 of 2nd period - Henrik Zetterberg wins face-off versus Jiri Sekac in Jets zone.
18:01 of 2nd period - Henrik Zetterberg is hit by Jiri Sekac.
18:25 of 2nd period - Cody Eakin is hit by Ryan Murray and loses puck.
18:48 of 2nd period - Ryan Murray is hit by David Pastrnak and loses puck.
19:24 of 2nd period - Off-side.
19:25 of 2nd period - Henrik Zetterberg wins face-off versus Alexandre Grenier in neutral zone.
19:32 of 2nd period - Rasmus Ristolainen is hit by Dougie Hamilton and loses puck.
19:40 of 2nd period - Minor Penalty to Anthony Mantha for Hooking.
19:41 of 2nd period - Mika Zibanejad wins face-off versus Noel Acciari in Jets zone.
19:52 of 2nd period - Snap shot by Rasmus Ristolainen.
19:52 of 2nd period - Shot Blocked by Dougie Hamilton.
19:54 of 2nd period - Wrist shot by Chris Kreider.
19:54 of 2nd period - Stopped by Jacob Markstrom with a rebound.
19:56 of 2nd period - Wrist shot by David Pastrnak.
19:56 of 2nd period - Stopped by Jacob Markstrom without a rebound.
19:57 of 2nd period - Chris Kreider wins face-off versus Noel Acciari in Jets zone.
Goals for this period are 1 for Canadiens vs 3 for Jets.
Shots for this period are 15 for Canadiens vs 10 for Jets.
3rd period
0:01 of 3rd period - Noel Acciari wins face-off versus Mika Zibanejad in neutral zone.
1:16 of 3rd period - Icing by Vincent Trocheck.
1:17 of 3rd period - Vincent Trocheck wins face-off versus Nino Niederreiter in Canadiens zone.
1:40 of 3rd period - Penalty to Anthony Mantha is over, Anthony Mantha is back on ice.
3:05 of 3rd period - Slapshot by Brian Dumoulin.
3:05 of 3rd period - Stopped by Jacob Markstrom without a rebound.
3:06 of 3rd period - Mika Zibanejad wins face-off versus Dylan Strome in Jets zone.
3:34 of 3rd period - Snap shot by Alex Galchenyuk.
3:34 of 3rd period - Deflect By Tyler Toffoli.
3:34 of 3rd period - Shot Misses the Net.
3:34 of 3rd period - Puck is out of play.
3:35 of 3rd period - Vincent Trocheck wins face-off versus Max Domi in Canadiens zone.
3:44 of 3rd period - Wrist shot by Tyler Toffoli.
3:44 of 3rd period - Shot Misses the Net.
3:46 of 3rd period - Slapshot by Erik Cernak.
3:46 of 3rd period - Deflect By Vincent Trocheck.
3:46 of 3rd period - Stopped by Andrei Vasilevskiy without a rebound.
3:47 of 3rd period - Max Domi wins face-off versus Mika Zibanejad in Canadiens zone.
3:50 of 3rd period - Slapshot by Max Domi.
3:50 of 3rd period - Stopped by Andrei Vasilevskiy with a rebound.
3:52 of 3rd period - Slapshot by Dougie Hamilton.
3:52 of 3rd period - Shot Misses the Net.
3:54 of 3rd period - Snap shot by Max Domi.
3:54 of 3rd period - Deflect By Alex Galchenyuk.
3:54 of 3rd period - Shot Hit the Post.
3:54 of 3rd period - Puck is out of play.
3:55 of 3rd period - Alex Galchenyuk wins face-off versus Mika Zibanejad in Canadiens zone.
4:04 of 3rd period - Snap shot by Alex Galchenyuk.
4:04 of 3rd period - Shot Misses the Net.
4:14 of 3rd period - Wrist shot by Alex Galchenyuk.
4:14 of 3rd period - Stopped by Andrei Vasilevskiy without a rebound.
4:15 of 3rd period - Vincent Trocheck wins face-off versus Dylan Strome in Canadiens zone.
4:43 of 3rd period - Icing by Brent Burns.
4:44 of 3rd period - Vincent Trocheck wins face-off versus Anthony Mantha in Canadiens zone.
4:44 of 3rd period - Vincent Trocheck is hit by Anthony Mantha.
4:49 of 3rd period - Minor Penalty to Henrik Zetterberg for Roughing.
4:50 of 3rd period - Noel Acciari wins face-off versus Chris Kreider in Jets zone.
6:49 of 3rd period - Penalty to Henrik Zetterberg is over, Henrik Zetterberg is back on ice.
7:02 of 3rd period - Snap shot by Anthony Mantha.
7:02 of 3rd period - Shot Blocked by Marcus Kruger.
7:04 of 3rd period - Wrist shot by Erik Cernak.
7:04 of 3rd period - Stopped by Andrei Vasilevskiy without a rebound.
7:05 of 3rd period - Max Domi wins face-off versus Cody Eakin in Canadiens zone.
7:21 of 3rd period - Minor Penalty to Troy Stetcher for Hooking.
7:22 of 3rd period - Noel Acciari wins face-off versus Mika Zibanejad in Jets zone.
8:12 of 3rd period - Henrik Zetterberg is hit by Mika Zibanejad and loses puck.
9:07 of 3rd period - Mika Zibanejad is hit by Dylan Strome and loses puck.
9:20 of 3rd period - Alex Galchenyuk is hit by Alexandre Grenier.
9:21 of 3rd period - Penalty to Troy Stetcher is over, Troy Stetcher is back on ice.
10:16 of 3rd period - Jiri Sekac is hit by Frank Vatrano and loses puck.
10:31 of 3rd period - Snap shot by David Pastrnak.
10:31 of 3rd period - Stopped by Jacob Markstrom with a rebound.
11:06 of 3rd period - Kyle Connor is hit by Brandon Bollig and loses puck.
11:49 of 3rd period - Nino Niederreiter is hit by Corban Knight and loses puck.
12:08 of 3rd period - Snap shot by Noel Acciari.
12:08 of 3rd period - Stopped by Andrei Vasilevskiy with a rebound.
12:10 of 3rd period - Snap shot by Noel Acciari.
12:10 of 3rd period - Deflect By Sam Reinhart.
12:10 of 3rd period - Stopped by Andrei Vasilevskiy with a rebound.
12:25 of 3rd period - Brian Dumoulin is hit by Erik Cernak.
12:40 of 3rd period - Marcus Kruger is hit by Frank Vatrano and loses puck.
12:56 of 3rd period - Minor Penalty to Cam Fowler for Slashing.
12:57 of 3rd period - Alex Galchenyuk wins face-off versus Chris Kreider in Canadiens zone.
13:00 of 3rd period - Snap shot by Tyler Seguin.
13:00 of 3rd period - Shot Blocked by Justin Schultz.
13:02 of 3rd period - Slapshot by Sam Reinhart.
13:02 of 3rd period - Deflect By Rasmus Ristolainen.
13:02 of 3rd period - Goal by Sam Reinhart - Canadiens : 2 - Jets : 6.
13:03 of 3rd period - Mika Zibanejad wins face-off versus Max Domi in neutral zone.
13:09 of 3rd period - Icing by Tyler Toffoli.
13:10 of 3rd period - Chris Kreider wins face-off versus Alex Galchenyuk in Jets zone.
13:20 of 3rd period - Icing by Tyler Toffoli.
13:21 of 3rd period - Max Domi wins face-off versus Mika Zibanejad in Jets zone.
13:52 of 3rd period - Off-side.
13:53 of 3rd period - Dylan Strome wins face-off versus Vincent Trocheck in neutral zone.
14:34 of 3rd period - Minor Penalty to Justin Schultz for Cross-checking.
14:35 of 3rd period - Chris Kreider wins face-off versus Dylan Strome in Canadiens zone.
14:47 of 3rd period - Snap shot by Tyler Seguin.
14:47 of 3rd period - Shot Blocked by Rasmus Ristolainen.
14:49 of 3rd period - Slapshot by Dougie Hamilton.
14:49 of 3rd period - Stopped by Andrei Vasilevskiy with a rebound.
15:07 of 3rd period - Snap shot by Nino Niederreiter.
15:07 of 3rd period - Stopped by Andrei Vasilevskiy with a rebound.
16:01 of 3rd period - Rasmus Ristolainen is hit by Max Domi and loses puck.
16:34 of 3rd period - Penalty to Justin Schultz is over, Justin Schultz is back on ice.
17:42 of 3rd period - Slapshot by Justin Schultz.
17:42 of 3rd period - Shot Blocked by Tyler Toffoli.
17:44 of 3rd period - Slapshot by Sean Zimmerman.
17:44 of 3rd period - Shot Blocked by Tyler Toffoli.
17:46 of 3rd period - Slapshot by Justin Schultz.
17:46 of 3rd period - Shot Misses the Net.
17:48 of 3rd period - Slapshot by Corban Knight.
17:48 of 3rd period - Stopped by Jacob Markstrom without a rebound.
17:49 of 3rd period - Max Domi wins face-off versus Mika Zibanejad in Jets zone.
17:49 of 3rd period - Max Domi is hit by Mika Zibanejad.
18:15 of 3rd period - Tyler Seguin is hit by Brandon Bollig and loses puck.
18:30 of 3rd period - Cam Fowler is hit by Frank Vatrano and loses puck.
19:17 of 3rd period - Wrist shot by Adam Larsson.
19:17 of 3rd period - Shot Misses the Net.
Goals for this period are 0 for Canadiens vs 1 for Jets.
Shots for this period are 3 for Canadiens vs 9 for Jets.
Output by the SimonT Hockey Simulator (STHS) for Francois Prevost